 Dungeon Crawl Stone Soup version 0.26-a0-597-gb535b0901c (webtiles) character file.

Game seed: 17702546872693325580

4244 hello2 the Spear-Bearer (level 10, 0/97 HPs)
             Began as a Minotaur Berserker on Sept 5, 2020.
             Was an Elder of Trog.
             Killed from afar by an electric eel (11 damage)
             ... with a bolt of electricity
             ... on level 8 of the Dungeon.
             The game lasted 00:11:18 (5387 turns).

hello2 the Spear-Bearer (Minotaur Berserker)        Turns: 5387, Time: 00:11:19

Health: 0/97       AC: 13    Str: 25    XL:     10   Next: 9%
Magic:  9/9        EV:  7    Int:  4    God:    Trog [****..]
Gold:   339        SH:  0    Dex: 10    Spells: 9/9 levels left

rFire    . . .     SeeInvis .   a - +0 scythe (venom)
rCold    + . .     Faith    .   (shield currently unavailable)
rNeg     . . .     Spirit   .   A - +0 plate armour
rPois    +         Reflect  .   (helmet restricted)
rElec    .         Harm     .   x - +0 cloak
rCorr    .                      (no gloves)
MR       ++...                  z - +0 pair of boots
Stlth    ..........             i - amulet of regeneration
HPRegen  1.66/turn              o - ring of protection from cold
MPRegen  0.11/turn              b - ring of poison resistance

@: berserk cooldown, regenerating, slowed, very slow
A: retaliatory headbutt, horns 2
a: Berserk, Trog's Hand, Brothers in Arms, Renounce Religion


You were on level 8 of the Dungeon.
You worshipped Trog.
Trog was greatly pleased with you.
You visited 1 branch of the dungeon, and saw 8 of its levels.

You collected 409 gold pieces.
You spent 70 gold pieces at shops.

Inventory:

Hand Weapons
 a - a +0 scythe of venom (weapon)
Armour
 x - a +0 cloak (worn)
 z - a +0 pair of boots (worn)
 A - a +0 plate armour (worn)
 C - a +0 helmet
Jewellery
 b - a ring of poison resistance (right hand)
 i - an amulet of regeneration (around neck)
 o - a ring of protection from cold (left hand)
Wands
 k - a wand of acid (13)
 p - a wand of flame (8)
 v - a wand of digging (7)
 y - a wand of polymorph (12)
 E - a wand of iceblast (12)
Scrolls
 c - 4 scrolls of identify
 d - 7 scrolls of remove curse
 j - 2 scrolls of fog
 l - a scroll of blinking
 m - 2 scrolls of immolation
 n - a scroll of amnesia
 q - a scroll of noise {unknown}
 r - a scroll of fear
 t - 3 scrolls of teleportation {unknown}
 B - a scroll of silence {unknown}
 D - a scroll of brand weapon {unknown}
 G - a scroll of enchant armour {unknown}
Potions
 e - a potion of might
 f - a potion of stabbing
 g - a potion of magic
 h - 2 potions of degeneration
 s - a potion of mutation {unknown}
 u - a potion of lignification {unknown}
 w - 3 potions of curing
 F - a potion of heal wounds
 H - a potion of haste {unknown}


   Skills:
 + Level 12.1 Fighting
 + Level 12.8 Polearms
 - Level 2.9 Armour
 - Level 2.5 Dodging


You had 9 spell levels left.
You didn't know any spells.
Your spell library was empty.

Dungeon Overview and Level Annotations

Branches:
Dungeon (8/15)             Temple (0/1) D:7
   Lair: D:8-11

Altars:
Dithmenos
Hepliaklqana

Shops:
D:7 !


Innate Abilities, Weirdness & Mutations

You reflexively headbutt those who attack you in melee.
You have a pair of horns on your head.


Message History

The hound barks!
You hit the electric eel.
The electric eel looks even sicker.
You headbutt the electric eel, but do no damage.
The electric eel is moderately wounded.
You hear a shout!
A troll comes into view.
A hound comes into view. x2
You completely miss the electric eel. Your headbutt misses the electric eel.
The electric eel is moderately wounded.
The electric eel shoots out a bolt of lightning at you!
The bolt of electricity hits you!
* * * LOW HITPOINT WARNING * * *
The hound pauses to sniff the water.
The electric eel shoots out a bolt of lightning at you!
The bolt of electricity hits you!
* * * LOW HITPOINT WARNING * * *
You hit the electric eel. You headbutt the electric eel.
The electric eel is almost dead.
The electric eel shoots out a bolt of lightning at you!
The bolt of electricity hits you!
You die...

#.(.#..## .....≈
####..##..## ..≈.≈≈≈
#..)..#....##..≈.≈≈≈
#....)..........≈≈≈≈
#.......[)......≈o.≈≈≈
##...............≈≈T≈≈
#..........).....≈≈≈≈.
##..............≈≈≈hh.
##...#.......@;≈≈≈≈hh
##...........≈≈≈≈h≈.
#....#.....#≈≈≈≈≈..
##...##....#≈≈≈≈h≈.
###.#......≈≈≈≈≈.≈
.......#≈≈≈≈≈≈≈
..###.##...≈≈≈≈ .# ##
...≈≈≈≈


You could see a troll, 6 hounds, an electric eel (very poisoned) and an orc.

Vanquished Creatures
  A two-headed ogre (D:6)
  An unseen horror (D:7)
  Joseph (D:7)
  A hippogriff (D:7)
  Sigmund (D:6)
  The ghost of Ferkelamun the Caller, an amateur MfSu (D:3)
  Purgy (D:4)
  A sky beast (D:6)
  2 ice beasts
  An ogre (D:7)
  An orc warrior (D:6)
  3 centaurs
  3 bullfrogs (D:7)
  2 scorpions
  4 howler monkeys
  4 bullfrog skeletons
  7 hounds
  A centaur skeleton (D:6)
  5 orc priests
  Crazy Yiuf (D:5)
  An orc wizard (D:6)
  4 iguanas
  6 worker ants
  A hound zombie (D:3)
  2 worker ant zombies
  2 hound skeletons
  A howler monkey skeleton (D:6)
  6 adders
  4 ufetubi
  A worm (D:4)
  A dart slug (D:4)
  4 leopard geckos
  28 orcs
  4 giant cockroaches
  6 goblins
  5 hobgoblins
  10 jackals
  10 kobolds
  4 quokkas
  3 ball pythons
  5 bats
  2 frilled lizards
  3 leopard gecko skeletons
  A leopard gecko zombie (D:5)
  5 rats
161 creatures vanquished.

Vanquished Creatures (others)
  3 orcs (D:8)
3 creatures vanquished.

Grand Total: 164 creatures vanquished

Notes
Turn   | Place    | Note
-------+----------+-------------------------------------------
     0 | D:1      | hello2 the Minotaur Berserker began the quest for the Orb.
     0 | D:1      | Reached XP level 1. HP: 19/19 MP: 0/0
   269 | D:1      | Reached XP level 2. HP: 27/27 MP: 1/1
  1007 | D:2      | Reached XP level 3. HP: 28/33 MP: 2/2
  1116 | D:2      | Reached ** piety under Trog
  1436 | D:2      | Reached skill level 5 in Polearms
  1536 | D:2      | Reached XP level 4. HP: 36/40 MP: 3/3
  2133 | D:3      | Found a runed translucent gate.
  2133 | D:3      | Found a runed translucent gate.
  2133 | D:3      | Found a runed translucent gate.
  2133 | D:3      | Noticed Ferkelamun's ghost (amateur MfSu)
  2155 | D:3      | Killed Ferkelamun's ghost
  2155 | D:3      | Reached skill level 5 in Fighting
  2155 | D:3      | Reached XP level 5. HP: 48/48 MP: 4/4
  2250 | D:4      | Reached XP level 6. HP: 56/56 MP: 5/5
  2262 | D:4      | Noticed Purgy
  2268 | D:4      | Killed Purgy
  2351 | D:4      | Reached *** piety under Trog
  2494 | D:4      | Reached XP level 7. HP: 64/64 MP: 6/6
  2695 | D:4      | Noticed a shadow
  2700 | D:4      | Found a shadowy altar of Dithmenos.
  2701 | D:4      | Found a hazy altar of Hepliaklqana.
  2933 | D:5      | Entered Level 5 of the Dungeon
  3601 | D:5      | Found a runed translucent door.
  3602 | D:5      | Noticed Crazy Yiuf
  3633 | D:5      | Reached XP level 8. HP: 69/74 MP: 7/7
  3680 | D:5      | Killed Crazy Yiuf
  3852 | D:6      | Reached **** piety under Trog
  3919 | D:6      | Noticed Sigmund
  3945 | D:6      | Killed Sigmund
  3945 | D:6      | Reached skill level 10 in Polearms
  4005 | D:6      | Noticed a two-headed ogre
  4012 | D:6      | Killed a two-headed ogre
  4012 | D:6      | Reached skill level 10 in Fighting
  4012 | D:6      | Reached XP level 9. HP: 55/85 MP: 8/8
  4579 | D:7      | Found the +7 captain's cutlass {speed, disarm}
  4652 | D:7      | Killed an unseen horror
  4716 | D:7      | Got a bound steel ring
  4722 | D:7      | Identified the ring "Farec" {Int+3 Slay+4} (You found it on
                  | level 7 of the Dungeon)
  4887 | D:7      | Found a staircase to the Ecumenical Temple.
  4897 | D:7      | Noticed Joseph
  4912 | D:7      | Killed Joseph
  4972 | D:7      | Reached XP level 10. HP: 91/97 MP: 9/9
  5099 | D:7      | Found Nazxaeno's Distillery.
  5102 | D:7      | Bought a potion of heal wounds for 70 gold pieces
  5387 | D:8      | Killed from afar by an electric eel

Illustrated notes

Levels and vault maps discovered:
D:1:      eino_arrival_cavern_a, layout_loops_corners, serial_glass,
          glass_columns_a, glass_columns_b, due_unseen_surprise
D:2:      layout_loops_ring, serial_park_tiny_pond,
          corexii_item_surrounded_by_moat
D:3:      layout_basic, gammafunk_ghost_necromancy
D:4:      layout_basic, riverfiend_overflow_shadow_ancestor, uniq_purgy
D:5:      layout_loops_ring, hangedman_decor_opposing, uniq_crazy_yiuf_cottage
D:6:      layout_loops_cross, solitary_fountain, uniq_sigmund
D:7:      layout_loops_corners, minmay_temple_entry_grid, serial_shops,
          nicolae_shop_trees, kennysheep_generic_room_2, uniq_joseph
D:8:      layout_cave_pools, lemuel_round_altar, erik_lair_island,
          gammafunk_ghost_nasty_kobolds

Skill      XL: |  1  2  3  4  5  6  7  8  9 |
---------------+----------------------------+-----
Fighting       | 4 5 6 7 10 12 | 12.1
Polearms       | 4 5 6 7 9 11 12 | 12.8
Armour         | |  2.9
Dodging        | |  2.5

Action                   |  1- 3 |  4- 6 |  7- 9 | 10-12 || total
-------------------------+-------+-------+-------+-------++-------
Melee: Spear             |    97 |    92 |   183 |       ||   372
       Headbutt          |     6 |    17 |    52 |     5 ||    80
       Scythe            |       |       |   101 |    24 ||   125
Invok: Berserk           |       |     3 |     2 |     1 ||     6
       Trog's Hand       |       |     1 |     1 |     1 ||     3
  Use: Scroll            |     5 |     6 |     2 |       ||    13
       Potion            |       |       |     1 |       ||     1
 Stab: Sleeping          |     2 |     1 |     1 |       ||     4
Armor: Animal skin       |    11 |     1 |       |       ||    12
       Troll leather arm |       |     3 |    26 |       ||    29
       Plate armour      |       |       |    55 |    19 ||    74
Dodge: Dodged            |    43 |    25 |   110 |     8 ||   186

Table legend: (Time is in decaauts)
 A = Elapsed time spent in this place.
 B = Non-inter-level travel time spent in this place.
 C = Inter-level travel time spent in this place.
 D = Time resting spent in this place.
 E = Time spent auto-exploring this place.
 F = Levels seen in this place.
 G = Mean time per level.
                   A        B        C        D        E       F      G
               +--------+--------+--------+--------+--------+-----+--------+
         Total |   5381 |   5130 |    251 |      1 |   4171 |   8 |  672.6 |
       Dungeon |   5381 |   5130 |    251 |      1 |   4171 |   8 |  672.6 |
               +--------+--------+--------+--------+--------+-----+--------+

Top non-repeatable levels by time:
     D:1: 978 daAuts
     D:7: 900 daAuts
     D:5: 765 daAuts
     D:6: 758 daAuts
     D:4: 715 daAuts
     D:2: 696 daAuts
     D:3: 523 daAuts
     D:8: 42 daAuts
